 Dungeon Crawl Stone Soup version 0.28.0 (webtiles) character file.

Game seed: 6049746474063723779

70 hikkokomori the Bolt Thrower (level 4, -1/32 (35) HPs)
             Began as a Formicid Hunter on Feb 8, 2022.
             Was an Initiate of Makhleb.
             Slain by an adder (4 damage)
             ... on level 2 of the Dungeon.
             The game lasted 00:07:01 (1443 turns).

hikkokomori the Bolt Thrower (Formicid Hunter)      Turns: 1443, Time: 00:07:01

HP:   -1/32 (35)    AC:  3    Str: 19    XL:     4   Next: 44%
MP:   4/4           EV: 12    Int: 10    God:    Makhleb [......]
Gold: 39            SH:  0    Dex: 11    Spells: 3/3 levels left

rFire   . . .      SeeInvis +   b - +0 short sword
rCold   . . .      Faith    .   (no shield)
rNeg    . . .      Spirit   .   c - +0 leather armour
rPois   .          Reflect  .   (helmet unavailable)
rElec   .          Harm     .   (no cloak)
rCorr   .          Rampage  .   (no gloves)
Will    .....                   (no boots)
Stlth   ++........              (no amulet)
HPRegen 0.10/turn               (no ring)
MPRegen 0.09/turn               (no ring)

@: drained
A: permanent stasis, dig shafts and tunnels, antennae 3, four strong arms
a: Dig, Shaft Self, Renounce Religion


You were on level 2 of the Dungeon.
You worshipped Makhleb.
Makhleb was noncommittal.
You visited 1 branch of the dungeon, and saw 2 of its levels.

You collected 39 gold pieces.

Inventory:

Hand Weapons
 a - a +1 hand crossbow
 b - a +0 short sword (weapon)
Armour
 c - a +0 leather armour (worn)
Scrolls
 e - a scroll of brand weapon {unknown}
 g - a scroll of silence {unknown}
 h - a scroll of vulnerability {unknown}
 i - 3 scrolls of teleportation {unknown}
Potions
 f - a potion of brilliance {unknown}
 j - a potion of haste {unknown}


   Skills:
 + Level 3.1 Fighting
 + Level 4.4 Crossbows
 + Level 2.4 Dodging
 + Level 2.6 Stealth


You had 3 spell levels left.
You didn't know any spells.
Your spell library was empty.

Dungeon Overview and Level Annotations

Branches:
Dungeon (2/15)

Altars:
Makhleb

Annotations:
D:2 Robin


Innate Abilities, Weirdness & Mutations

You cannot be hasted, slowed, berserked, paralysed or teleported.
You can dig through walls and to a lower floor.
You have a pair of large antennae on your head. (SInv)
Your four strong arms can wield two-handed weapons with a shield.


Message History

The adder barely misses you.
Fire: bolt
Press: ? - help, Q - select action, (/) - cycle Shift-Dir - straight line, f/p - adder
Aim: an adder (severely wounded, 48% to hit)
You shoot a bolt. The bolt closely misses the adder.
The adder bites you. The goblin hits you with a +0 dagger.
The adder barely misses you.
Unknown command.
Unknown command.
Unknown command.
Unknown command.
Unknown command.
Unknown command.
b - a +0 short sword (weapon)
The goblin hits you with a +0 dagger.
* * * LOW HITPOINT WARNING * * *
You miss the adder.
The adder is severely wounded.
The adder bites you.
* * * LOW HITPOINT WARNING * * *
Robin throws the goblin at you!
* * * LOW HITPOINT WARNING * * *
The goblin hits you but does no damage. The adder misses you.
The goblin hits you with a +0 club.
* * * LOW HITPOINT WARNING * * *
Okay, then.
You extend your mandibles.
Unknown command.
You retract your mandibles.
You extend your mandibles.
You retract your mandibles.
The adder barely misses you.
Okay, then.
The adder misses you.
You extend your mandibles.
You dig through the rock wall.
You feel drained.
You dig through the rock wall.
You feel drained. The adder bites you but does no damage.
Are you sure you want to shaft yourself?
The adder bites you.
You die...

.............# .............#
.............#
......†......###### ##### ####
...............g..###...##...#
.....#.....######{{g..........
###.######## ###.#..PP.P..P #
#.# ####g#P≈....... # ..#
#@Sg..#.≈..PP.. #.###
###...#...⌠⌠P.. #.
#.P.#.PP.⌠≈P. #
######...#≈..P≈..P
#.........#.#..#.. ..
#.......PP#_# .# ....##
#......P≈.### # #.....##
#......P..P# ..
#..######..####....#


You could see an adder, a hobgoblin (strong) and a goblin (strong).

Vanquished Creatures
  A gnoll (D:1)
  3 worms (D:2)
  A dart slug (D:2)
  3 endoplasms (D:1)
  3 giant cockroaches (D:1)
  10 hobgoblins
  2 jackals (D:1)
  A kobold (D:1)
  3 quokkas
  4 ball pythons
  3 bats (D:1)
  2 frilled lizards
  5 goblins
  3 rats (D:1)
44 creatures vanquished.

Notes
Turn   | Place    | Note
-------+----------+-------------------------------------------
     0 | D:1      | hikkokomori the Formicid Hunter began the quest for the
                  | Orb.
     0 | D:1      | Reached XP level 1. HP: 16/16 MP: 1/1
    61 | D:1      | Reached XP level 2. HP: 23/23 MP: 2/2
   396 | D:1      | Reached XP level 3. HP: 20/28 MP: 3/3
  1130 | D:2      | Found a burning altar of Makhleb.
  1149 | D:2      | Became a worshipper of Makhleb the Destroyer
  1164 | D:2      | Found a faded altar of an unknown god.
  1189 | D:2      | Reached XP level 4. HP: 18/34 MP: 4/4
  1399 | D:2      | Noticed Robin
  1443 | D:2      | Slain by an adder

Illustrated notes

Levels and vault maps discovered:
D:1:      eino_arrival_cavern_b, layout_rooms, fountainhead
D:2:      layout_rooms, basic_altar, shapermc_ecumenical_altar_mp_ritualfount,
          uniq_robin

Skill      XL: |  1  2  3  4 |
---------------+-------------+-----
Dodging        | 2 |  2.4
Stealth        | 2 |  2.6
Fighting       | 3 |  3.1
Crossbows      | |  4.4

Action                   |  1- 3 |  4- 6 || total
-------------------------+-------+-------++-------
Melee: Short sword       |   102 |     1 ||   103
       Punch             |     2 |       ||     2
 Fire: Hand crossbow     |    19 |    24 ||    43
 Abil: Dig               |       |     4 ||     4
       Shaft Self        |       |     1 ||     1
 Stab: Sleeping          |     1 |       ||     1
Armor: Leather armour    |    19 |     7 ||    26
Dodge: Dodged            |    64 |    14 ||    78
